 Dungeon Crawl Stone Soup version 0.27.0-65-ge2af304b15 (webtiles) character file.

Game seed: 11987471938653867014

89 pkoi the Slasher (level 4, -3/37 HPs)
             Began as a Minotaur Gladiator on Aug 18, 2021.
             Slain by a gnoll (7 damage)
             ... on level 3 of the Dungeon.
             The game lasted 00:03:03 (2097 turns).

pkoi the Slasher (Minotaur Gladiator)               Turns: 2097, Time: 00:03:04

Health: -3/37      AC:  3    Str: 16 (19) XL:     4   Next: 31%
Magic:  3/3        EV: 12    Int:  5      God:
Gold:   72         SH:  0    Dex: 10 (12) Spells: 3/3 levels left

rFire    . . .     SeeInvis .   a - +1 long sword
rCold    . . .     Faith    .   (no shield)
rNeg     . . .     Spirit   .   b - +0 leather armour
rPois    .         Reflect  .   c - +0 hat
rElec    .         Harm     .   (no cloak)
rCorr    .         Rampage  .   (no gloves)
Will     .....                  (no boots)
Stlth    +.........             (no amulet)
HPRegen  0.12/turn              (no ring)
MPRegen  0.08/turn              (no ring)

@: no status effects
A: horns 2, retaliatory headbutt
a: no special abilities


You were on level 3 of the Dungeon.
You visited 1 branch of the dungeon, and saw 3 of its levels.

You collected 72 gold pieces.

Inventory:

Hand Weapons
 a - a +1 long sword (weapon)
Missiles
 d - 3 throwing nets (quivered)
Armour
 b - a +0 leather armour (worn)
 c - a +0 hat (worn)
Jewellery
 f - a ring of fire
Scrolls
 e - a scroll of identify
 g - a scroll of teleportation
Potions
 h - a potion of degeneration
 i - a potion of brilliance


   Skills:
 + Level 2.6 Fighting
 * Level 6.1 Long Blades
 - Level 2.0 Throwing
 + Level 0.6 Armour
 - Level 3.2 Dodging


You had 3 spell levels left.
You didn't know any spells.
Your spell library contained the following spells:

 Spells                   Type           Power      Damage    Failure   Level
 Animate Armour           Summ/Erth      0%         N/A       100%        4
 Blade Hands              Tmut           0%         N/A       100%        5
 Iron Shot                Conj/Erth      0%         9d1       100%        6


Dungeon Overview and Level Annotations

Branches:
Dungeon (3/15)

Altars:
Dithmenos


Innate Abilities, Weirdness & Mutations

You have a pair of horns on your head.
You reflexively headbutt those who attack you in melee.


Message History

You are too injured to fight recklessly!
Unknown command.
You are too injured to fight recklessly!
The giant cockroach bites you but does no damage.
You hit the giant cockroach.
The giant cockroach is severely wounded.
The giant cockroach barely misses you.
You riposte.
You hit the giant cockroach but do no damage.
The giant cockroach is severely wounded.
The giant cockroach closely misses you.
You barely miss the giant cockroach.
The giant cockroach is severely wounded.
The gnoll hits you from afar with a +0 spear!
* * * LOW HITPOINT WARNING * * *
The giant cockroach closely misses you.
You slash the giant cockroach!
You kill the giant cockroach!
The gnoll barely misses you. The gnoll barely misses you.
You see here a giant cockroach corpse.
You slash the gnoll!
The gnoll is almost dead.
The gnoll closely misses you. You furiously retaliate!
You headbutt the gnoll.
You kill the gnoll!
Things that are here:
a +0 spear; a gnoll corpse You feel your willpower return.
A gnoll comes into view. It is wielding a +0 spear.
The gnoll shouts!
You see here a +0 flail.
The gnoll hits you from afar with a +0 spear.
* * * LOW HITPOINT WARNING * * *
The gnoll hits you with a +0 spear.
* * * LOW HITPOINT WARNING * * *
There is a shadowy altar of Dithmenos, spattered with blood here.
You barely miss the gnoll.
You headbutt the gnoll, but do no damage.
An endoplasm comes into view.
The gnoll hits you with a +0 spear!
You die...

******** #..... *,,,,,,* #>####
*,****,* **********### #.#
*,***,,****,,,,,,,,,..# #.#
,,,,,,,,,,,,#########.# #.#
*,,,,,,,***,#.......#.## #.####
****,,,** *,#.......#..# #...†.
**,** #.#.......#..# #.#### *,*
*#.^..g@..)...#####.#### *,*
#.J#.......#..)†........ **+**
*,,#.......#...#.##..##.
**,,,***,,#.......#.#.#.##..##.
**,,,,,**,,#########.#.#.##..##.
**,,,,,,,*,,,,,,,,,,..#.#.#...##.
*,,,,,,,,,,***,,,,,##...#.#....#.
,,,,,,,,,,,,,,,,,,,,...........<.
,,,,,,,,,,,,,,,,,,,,.##.#........


You could see a gnoll and an endoplasm (wandering).

Vanquished Creatures
  2 gnolls (D:3)
  2 adders (D:2)
  2 worms (D:2)
  A dart slug (D:1)
  6 ball pythons
  4 bats
  3 endoplasms (D:1)
  A giant cockroach (D:3)
  6 goblins
  5 hobgoblins
  4 kobolds
  2 quokkas
  3 frilled lizards
  3 rats
44 creatures vanquished.

Notes
Turn   | Place    | Note
-------+----------+-------------------------------------------
     0 | D:1      | pkoi the Minotaur Gladiator began the quest for the Orb.
     0 | D:1      | Reached XP level 1. HP: 18/18 MP: 0/0
    53 | D:1      | Found a faded altar of an unknown god.
    56 | D:1      | Reached skill level 4 in Long Blades
    64 | D:1      | Reached XP level 2. HP: 11/25 MP: 1/1
   818 | D:1      | Reached skill level 5 in Long Blades
  1000 | D:1      | Reached XP level 3. HP: 30/30 MP: 2/2
  1366 | D:2      | Noticed an ogre
  2059 | D:3      | Reached XP level 4. HP: 37/37 MP: 3/3
  2071 | D:3      | Found a shadowy altar of Dithmenos.
  2078 | D:3      | Reached skill level 6 in Long Blades
  2097 | D:3      | Slain by a gnoll

Illustrated notes

Levels and vault maps discovered:
D:1:      minmay_arrival_open_corners, layout_loops_ring, basic_ecumenical_altar
D:2:      layout_basic
D:3:      layout_loops_corners, grunt_gozag_breadcrumbs, lemuel_tele_altar

Skill      XL: |  1  2  3  4 |
---------------+-------------+-----
Long Blades    | 4 5 6 |  6.1
Fighting       | |  2.6
Throwing       | |  2.0
Armour         | |  0.6
Dodging        | |  3.2

Action                   |  1- 3 |  4- 6 || total
-------------------------+-------+-------++-------
Melee: Long sword        |    71 |     8 ||    79
       Headbutt          |     7 |     1 ||     8
  Use: Scroll            |     5 |       ||     5
       Potion            |     2 |       ||     2
 Stab: Sleeping          |     1 |       ||     1
Armor: Leather armour    |    14 |     2 ||    16
Dodge: Dodged            |    39 |    11 ||    50
       Rpst.: Long sword |     9 |     2 ||    11
